 Dungeon Crawl Stone Soup version 0.21.1-1-g345015f (webtiles) character file.

646 Supahsalami the Agent of Entropy (level 7, -4/55 HPs)
             Began as a Demonspawn Abyssal Knight on June 14, 2018.
             Was a Priest of Lugonu.
             Slain by Prince Ribbit (13 damage)
             ... on level 5 of the Dungeon on June 15, 2018.
             The game lasted 00:31:44 (4598 turns).

Supahsalami the Agent of Entropy (DsAK)             Turns: 4598, Time: 00:31:45

Health: -4/55      AC: 19    Str: 14    XL:     7   Next: 27%
Magic:  3/3        EV: 10    Int: 13    God:    Lugonu [***...]
Gold:   181        SH:  0    Dex: 18    Spells: 6/6 levels left

rFire    + . .     SeeInvis .   o - +2 mace (antimagic)
rCold    . . .     Gourm    .   (no shield)
rNeg     + . .     Faith    .   y - +0 plate armour
rPois    .         Spirit   .   i - +2 helmet
rElec    .         Reflect  .   n - +0 cloak
rCorr    .         Harm     .   t - +0 pair of gloves
MR       +....                  (no boots)
Stlth    ..........             (no amulet)
HPRegen  0.18/turn              l - ring of protection from magic
MPRegen  0.08/turn              f - ring "Acoigen" {rF+ rN+}

@: agile
A: claws 1, slimy green scales 1, powered by death 2, rot immunity
a: Depart the Abyss, Bend Space, Banish, Renounce Religion


You were on level 5 of the Dungeon.
You worshipped Lugonu.
Lugonu was most pleased with you.
You were not hungry.

You visited 1 branch of the dungeon, and saw 5 of its levels.
You visited the Abyss 1 time.

You collected 181 gold pieces.

Inventory:

Hand Weapons
 a - a +1 hand axe
 b - a +0 hunting sling
 o - a +2 antimagic mace (weapon)
 D - a +2 short sword of draining
Missiles
 j - 231 stones
 p - 14 tomahawks (quivered)
 C - 41 poisoned needles
Armour
 e - a +1 ring mail
 i - a +2 helmet (worn)
 n - a +0 cloak (worn)
 t - a +0 pair of gloves (worn)
 u - a +0 chain mail
 y - a +0 plate armour (worn)
 F - a cursed +0 leather armour
Jewellery
 d - an uncursed ring of protection from fire {unknown}
 f - the ring "Acoigen" (right hand) {rF+ rN+}
   (You found it on level 2 of the Abyss)

   [ring of positive energy]

   It protects you from fire.
   It protects you from negative energy.
 h - a +5 ring of evasion {unknown}
 l - a ring of protection from magic (left hand)
 E - a +3 ring of strength {unknown}
Wands
 g - a wand of random effects (16)
 B - a wand of acid (4)
Scrolls
 k - 2 scrolls of identify
 A - 2 scrolls of amnesia {unknown}
 G - a scroll of enchant weapon {unknown}
Potions
 q - a potion of curing {unknown}
 r - a potion of brilliance {unknown}
 s - a potion of magic {unknown}
 v - a potion of lignification {unknown}
 w - 2 potions of might {unknown}
 x - a potion of berserk rage {unknown}
 z - a potion of resistance {unknown}
Comestibles
 c - 10 rations


   Skills:
 + Level 4.7 Fighting
 - Level 2.6(3.1) Axes
 + Level 2.3(3.0) Maces & Flails
 + Level 3.8 Armour
 - Level 2.3 Dodging
 + Level 5.3 Invocations


You had 6 spell levels left.
You didn't know any spells.

Dungeon Overview and Level Annotations

Branches:
Dungeon (5/15)
 Temple: D:4-7

Altars:
Ashenzari
Fedhas
Nemelex Xobeh
Okawaru
Qazlal
Ru
Sif Muna
Vehumet
Xom

Shops:
D:4 %

Annotations:
D:2 exclusions: phantom and 6 more exclusions
D:5 Prince Ribbit


Innate Abilities, Weirdness & Mutations

You have sharp fingernails.
You are partially covered in slimy green scales. (AC +2)
You regenerate health from kills.
You are immune to rotting.


Message History

Prince Ribbit is severely wounded.
Prince Ribbit barely misses you. x2
You hit Prince Ribbit.
Prince Ribbit's magic leaks into the air.
Prince Ribbit is severely wounded.
Prince Ribbit barely misses you.
Prince Ribbit hits you but does no damage.
Your plate armour prevents you from hitting Prince Ribbit.
Prince Ribbit is severely wounded.
Prince Ribbit closely misses you.
You closely miss Prince Ribbit.
Prince Ribbit is severely wounded.
Prince Ribbit barely misses you.
Prince Ribbit hits you but does no damage.
Your plate armour prevents you from hitting Prince Ribbit.
Prince Ribbit is severely wounded.
Prince Ribbit hits you.
* * * LOW HITPOINT WARNING * * *
Prince Ribbit hits you!
You die...

#......# #.......##.....#.##
###.##.###.####..#⌠...+##.⌠#
##'##...(.##....#.........#
##...########.#####.......## #
##.....## #.#.(.#.......# #
##.......## ###.#...+..._...+
###.........###.......#.......#
..'.........+.....#####.......##
###.........###.@F..(#.........#
##)......## ##..#..#⌠.##'##.⌠..
##.....## #.##..##.#...####.
##...## #.##.....#....(... ##'##
#....#...#...#..## #.#
###....#.##+##..## #####.###
#.####.......... ###.......# #.
######..... ..........# #.
##....


You could see Prince Ribbit.

Vanquished Creatures
  An ogre (D:4)
  A scorpion (D:5)
  2 howler monkeys (D:5)
  A crimson imp (D:3)
  A centaur skeleton (D:5)
  Crazy Yiuf (D:2)
  A bullfrog skeleton (D:4)
  2 orc wizards (D:4)
  A worker ant (D:3)
  3 gnolls (D:3)
  7 adders
  3 oozes
  An adder zombie (D:5)
  5 worms
  2 dart slugs (D:2)
  4 leopard geckos
  11 orcs
  4 giant cockroaches
  2 goblins
  9 hobgoblins
  10 jackals
  2 quokkas
  2 ball pythons (D:1)
  10 bats
  4 frilled lizards
  14 kobolds
  A leopard gecko skeleton (D:4)
  8 rats
113 creatures vanquished.

Notes
Turn   | Place    | Note
-------+----------+-------------------------------------------
     0 | Abyss:1  | Supahsalami the Demonspawn Abyssal Knight began the quest for the Orb.
     0 | Abyss:1  | Reached XP level 1. HP: 18/18 MP: 2/2
    40 | Abyss:1  | Noticed a large abomination
   129 | Abyss:2  | Got a coiled ivory ring
   207 | Abyss:2  | Noticed a small abomination
   234 | Abyss:2  | Noticed a starcursed mass
   237 | D:1      | Escaped the Abyss
   325 | D:1      | Reached * piety under Lugonu
   325 | D:1      | Reached skill level 1 in Dodging
   406 | D:1      | Gained mutation: You regenerate a little health from kills. [demonic ancestry]
   406 | D:1      | Reached XP level 2. HP: 8/24 MP: 4/4
   787 | D:1      | Reached skill level 3 in Invocations
   787 | D:1      | Reached XP level 3. HP: 25/29 MP: 5/5
  1323 | D:2      | Reached ** piety under Lugonu
  1345 | D:2      | Found a radiant altar of Vehumet.
  1392 | D:1      | Identified the ring "Acoigen" {rF+ rN+} (You found it on level 2 of the Abyss)
  1573 | D:2      | Gained mutation: You are immune to rotting. [demonic ancestry]
  1573 | D:2      | Reached XP level 4. HP: 33/35 MP: 6/6
  1603 | D:2      | Noticed a phantom
  1767 | D:2      | Found a runed door.
  1898 | D:2      | Found a shimmering altar of Xom.
  1939 | D:2      | Found a shimmering altar of Xom.
  1940 | D:2      | Found a shimmering altar of Xom.
  2130 | D:2      | Found a shimmering altar of Xom.
  2130 | D:2      | Found a shimmering altar of Xom.
  2172 | D:2      | Found a sparkling altar of Nemelex Xobeh.
  2444 | D:2      | Noticed Crazy Yiuf
  2456 | D:2      | Killed Crazy Yiuf
  2456 | D:2      | Gained mutation: You regenerate health from kills. [demonic ancestry]
  2456 | D:2      | Reached XP level 5. HP: 28/42 MP: 7/7
  2752 | D:3      | Found a blossoming altar of Fedhas.
  2779 | D:4      | Found Ucvan's Food Boutique.
  2779 | D:4      | Noticed an ogre
  2868 | D:3      | Found a stormy altar of Qazlal.
  2981 | D:3      | Reached skill level 4 in Invocations
  3026 | D:3      | Found a deep blue altar of Sif Muna.
  3132 | D:3      | Reached skill level 1 in Maces & Flails
  3144 | D:3      | Gained mutation: You are partially covered in slimy green scales. (AC +2) [demonic ancestry]
  3144 | D:3      | Reached XP level 6. HP: 48/48 MP: 3/9
  3210 | D:3      | Found an iron altar of Okawaru.
  3435 | D:3      | Found a sacrificial altar of Ru.
  3664 | D:4      | Reached *** piety under Lugonu
  4079 | D:5      | Entered Level 5 of the Dungeon
  4206 | D:5      | Reached skill level 5 in Invocations
  4218 | D:5      | Gained mutation: You have sharp fingernails. [demonic ancestry]
  4218 | D:5      | Reached XP level 7. HP: 33/55 MP: 3/10
  4509 | D:5      | Found a shattered altar of Ashenzari.
  4581 | D:5      | Noticed Prince Ribbit
  4598 | D:5      | Slain by Prince Ribbit

Skill      XL: |  1  2  3  4  5  6 |
---------------+-------------------+-----
Dodging        | 1 2 |  2.3
Axes           | 2 |  2.6
Armour         | 2 3 |  3.8
Invocations    | 3 4 5 |  5.3
Fighting       | 4 |  4.7
Maces & Flails | 1 2 |  2.3

Action                   |  1- 3 |  4- 6 |  7- 9 || total
-------------------------+-------+-------+-------++-------
Melee: Hand axe          |   151 |    82 |       ||   233
       Mace              |       |   188 |    42 ||   230
 Fire: Hunting sling     |    10 |       |       ||    10
Throw: Stone             |    31 |     5 |       ||    36
       Tomahawk          |       |    10 |     3 ||    13
Invok: Depart the Abyss  |     1 |       |       ||     1
  Use: Scroll            |       |     8 |       ||     8
       Potion            |       |     1 |     1 ||     2
  Eat: Chunk             |     2 |     5 |     2 ||     9
       Ration            |       |     1 |       ||     1
Armor: Ring mail         |   100 |   100 |       ||   200
       Plate armour      |       |    98 |    28 ||   126
Dodge: Dodged            |    98 |   151 |    12 ||   261
